AoeStats
← RadagastTheBrown

Arena

509244949Analyzed
2v2 RM · 6d ago on Sep 26, 2026· 69m 10s· 4 players
Game mode
Random Map
Map size
Medium (4 player)
Population
200
Speed
Normal
Resources
Standard
Victory
Conquest
Starting age
Dark Age
Ending age
Imperial Age
RankedLock teamsTeams togetherTeam positionsShared explorationLock speedFull tech treeHidden civsTurbo modeCheats
Victory
Defeat
🇺🇸 Spanish · United States
872
+14
🇺🇸 Franks · United States
812
+15
🇺🇸 Varangians · United States
823
-15
🇺🇸 Turks · United States
808
-14
RadagastTheBrown
12:13 Feudal Age
14:01 Double-Bit Axe
17:13 Castle Age
16:25 Loom
23:39 Gold Mining
28:22 Imperial Age
41:44 Conscription
41:24 Fletching
41:35 Padded Archer Armor
41:46 Forging
42:10 Fortified Wall
44:44 Bodkin Arrow
48:20 Artillery
53:26 Iron Casting
52:52 Bracer
56:43 Bloodlines
56:36 Husbandry
56:42 Devotion
62:01 Blast Furnace
61:02 Elite Janissary
62:21 Wheelbarrow
61:49 Squires
61:58 Thumb Ring
62:53 Sipahi
62:38 Caravan
63:01 Ballistics
62:33 Guard Tower
62:25 Treadmill Crane
65:08 Murder Holes
AffirmedTurtle
11:40 Feudal Age
10:44 Loom
16:46 Castle Age
15:59 Double-Bit Axe
15:57 Horse Collar
24:24 Husbandry
26:16 Bloodlines
27:11 Scale Barding Armor
27:18 Forging
31:20 Squires
30:40 Pikeman
35:52 Imperial Age
34:15 Scale Mail Armor
34:24 Fletching
35:10 Iron Casting
37:29 Bow Saw
43:04 Wheelbarrow
42:15 Town Watch
43:20 Conscription
42:30 Elite Skirmisher
43:30 Bodkin Arrow
45:22 Bracer
46:03 Halberdier
49:38 Ballistics
49:22 Padded Archer Armor
52:34 Masonry
Philly Jesus
6:33 Loom
11:53 Feudal Age
17:30 Castle Age
15:22 Double-Bit Axe
17:32 Scale Barding Armor
17:37 Gold Mining
19:38 Bow Saw
19:49 Stone Mining
21:45 Gold Shaft Mining
24:27 Wheelbarrow
26:34 Hand Cart
26:40 Husbandry
32:32 Imperial Age
30:59 Forging
44:26 Cavalier
46:37 Chain Barding Armor
46:52 Iron Casting
47:52 Elite Throwing Axeman
50:44 Arson
51:00 Squires
51:38 Plate Barding Armor
51:38 Iron Casting
52:29 Paladin
54:47 Chivalry
60:40 Blast Furnace
59:46 Scale Mail Armor
66:05 Conscription
GatorDan65
10:53 Feudal Age
14:43 Castle Age
12:30 Loom
12:37 Double-Bit Axe
13:50 Stone Mining
15:25 Bloodlines
17:04 Loom
24:30 Horse Collar
27:16 Inquisition
28:30 Wheelbarrow
29:49 Fletching
31:11 Town Watch
32:49 Hand Cart
34:09 Town Patrol
34:24 Padded Archer Armor
35:31 Stone Shaft Mining
34:46 Gold Mining
37:38 Imperial Age
36:16 Leather Archer Armor
36:53 Husbandry
37:25 Town Patrol
38:07 Ballistics
38:16 Scale Barding Armor
38:18 Scale Mail Armor
38:55 Block Printing
39:01 Sanctity
38:52 Fervor
39:08 Illumination
39:14 Cavalier
40:03 Scale Barding Armor
40:29 Ring Archer Armor
40:35 Paladin
41:48 Redemption
41:34 Herbal Medicine
42:14 Theocracy
41:04 Elite Conquistador
42:07 Conscription
42:08 Supremacy
42:24 Hoardings
42:33 Chain Barding Armor
43:48 Chemistry
42:59 Masonry
43:53 Guard Tower
43:59 Murder Holes
45:43 Plate Barding Armor
45:06 Bodkin Arrow
45:57 Bracer
46:42 Forging
46:37 Sappers
49:43 Keep
49:39 Architecture
48:55 Arrowslits
50:31 Fortified Wall
57:01 Chain Mail Armor
57:21 Iron Casting
61:35 Blast Furnace
61:06 Plate Mail Armor
64:32 Spies/Treason
Connection lost

Rejoining the realm…

Still unreachable

The connection could not be restored.

Session expired

The server has moved on; the page needs a fresh start.